 Dungeon Crawl Stone Soup version 0.23.2-33-g5129a83184 (webtiles) character file.

Game seed: 8917533291942612940

40 w3n2u the Magician (level 3, 0/24 HPs)
             Began as a Demonspawn Wizard on July 23, 2019.
             Succumbed to an adder's poison
             ... on level 2 of the Dungeon.
             The game lasted 00:11:01 (1425 turns).

w3n2u the Magician (Demonspawn Wizard)              Turns: 1425, Time: 00:11:01

Health: 0/24       AC:  4    Str:  7    XL:     3   Next: 30%
Magic:  1/8        EV: 12    Int: 20    God:
Gold:   67         SH:  0    Dex: 11    Spells: 2/9 levels left

rFire    . . .     SeeInvis .   i - +0 club
rCold    . . .     Gourm    .   (no shield)
rNeg     . . .     Faith    .   a - +0 robe
rPois    .         Spirit   .   b - +0 hat
rElec    .         Reflect  .   (no cloak)
rCorr    .         Harm     .   (no gloves)
MR       .....                  (no boots)
Stlth    ++........             (no amulet)
HPRegen  0.08/turn              (no ring)
MPRegen  0.11/turn              (no ring)

@: lethally poisoned (0 -> -7)
A: hooves 1, molten scales 1
a: no special abilities


You were on level 2 of the Dungeon.
You were full.

You visited 1 branch of the dungeon, and saw 2 of its levels.

You collected 67 gold pieces.

Inventory:

Hand Weapons
 d - a +0 short sword
 g - a +0 club
 h - a +0 dagger
 i - a +0 club (weapon)
 j - a +0 club
 k - a cursed -2 dagger
 m - a +0 club
 p - a +0 club
 r - a +0 club
 s - a +0 short sword
 t - a +0 whip
Missiles
 e - 13 poisoned needles (quivered)
 o - 22 arrows
 q - 4 stones
Armour
 a - a +0 robe (worn)
 b - a +0 hat (worn)
 c - a +0 ring mail
 f - a +0 leather armour
Scrolls
 v - a scroll of identify
Potions
 l - a potion of magic {unknown}
 u - a potion of cancellation
Comestibles
 n - 4 rations


   Skills:
 + Level 0.8 Maces & Flails
 + Level 2.1 Dodging
 + Level 2.2 Stealth
 + Level 3.5 Spellcasting
 + Level 1.3 Conjurations
 + Level 1.0 Summonings
 + Level 0.8 Translocations


You had 2 spell levels left.
You knew the following spells:

 Your Spells              Type           Power        Failure   Level  Hunger
a - Magic Dart            Conj           #...         8%          1    None
b - Call Imp              Summ           #.......     14%         2    ##.....
c - Slow                  Hex            #.......     21%         2    ##.....
d - Blink                 Tloc           N/A          14%         2    ##.....

Your spell library contained the following spells:

 Spells                   Type           Power        Failure   Level  Hunger
 Conjure Flame            Conj/Fire      #.......     30%         3    ###....
 Mephitic Cloud           Conj/Pois/Air  #.......     32%         3    ###....


Dungeon Overview and Level Annotations

Branches:
Dungeon (2/15)

Altars:


Innate Abilities, Weirdness & Mutations

You have large cloven feet.
You are partially covered in molten scales. (AC +2)


Message History

The frilled lizard bites you but does no damage.
You hit the frilled lizard.
You kill the frilled lizard!
* * * LOW HITPOINT WARNING * * *
You feel sick. The dart slug barely misses you.
You hit the dart slug.
The dart slug is moderately wounded.
* * * LOW HITPOINT WARNING * * *
You feel sick. The dart slug bites you.
* * * LOW HITPOINT WARNING * * *
You hit the dart slug.
The dart slug is moderately wounded.
* * * LOW HITPOINT WARNING * * *
You feel sick. The dart slug barely misses you.
You hit the dart slug. You kick the dart slug.
The dart slug is severely wounded.
The dart slug misses you.
You hit the dart slug but do no damage. You kick the dart slug.
You kill the dart slug!
You die...

.# ## .. .#.# .
...#+######### #
............. .
######...........
#####
.#................
.....
.....>.....†......
#### ##.
#.....@.......
..##.............
#.###.........$..
#.#..............
#...#............
######
#...#.>..........
##...#
#...##...........
##...#
#...##...........
##...###'####.......


There were no monsters in sight!

Vanquished Creatures
  An adder (D:2)
  A dart slug (D:2)
  A leopard gecko (D:2)
  4 goblins
  3 hobgoblins (D:1)
  4 kobolds (D:1)
  A quokka (D:2)
  2 ball pythons (D:1)
  4 bats
  3 frilled lizards
  6 rats (D:1)
30 creatures vanquished.

Notes
Turn   | Place    | Note
-------+----------+-------------------------------------------
     0 | D:1      | w3n2u the Demonspawn Wizard began the quest for the Orb.
     0 | D:1      | Reached XP level 1. HP: 13/13 MP: 4/4
   325 | D:1      | Gained mutation: You have large cloven feet. [demonic
                  | ancestry]
   325 | D:1      | Reached XP level 2. HP: 19/19 MP: 3/6
   329 | D:1      | Learned a level 2 spell: Call Imp
   332 | D:1      | Learned a level 2 spell: Slow
   335 | D:1      | Learned a level 2 spell: Blink
  1419 | D:2      | Gained mutation: You are partially covered in molten
                  | scales. (AC +2) [demonic ancestry]
  1419 | D:2      | Reached XP level 3. HP: 7/24 MP: 0/8
  1423 | D:2      | HP: 1/24 [poisoned by an adder]
  1425 | D:2      | Succumbed to an adder's poison

Skill      XL: |  1  2 |
---------------+-------+-----
Stealth        | 2 |  2.2
Dodging        | 2 |  2.1
Maces & Flails | |  0.8
Spellcasting   | |  3.5
Conjurations   | |  1.3
Summonings     | |  1.0
Translocations | |  0.8

Action                   || total
-------------------------++-------
Melee: Club              ||    43
       Unarmed           ||     5
       Kick              ||     4
 Cast: Magic Dart        ||    48
       Call Imp          ||     1
  Use: Scroll            ||     2
       Potion            ||     1
  Eat: Ration            ||     2
Armor: Robe              ||    10
Dodge: Dodged            ||    53
